 Dungeon Crawl Stone Soup version 5.2-56-g927a965 (webtiles) character file.

2673 wolfsongas the Fighter (level 11, -8/81 HPs)
             Began as an Octopode Fighter on Feb 25, 2018.
             Was an Elder of Dithmenos.
             Killed by divine providence
             ... invoked by an orc priest
             ... led by an orc high priest
              (14 damage)
             ... on level 10 of the Dungeon.
             The game lasted 00:12:46 (7941 turns).

wolfsongas the Fighter (Octopode Fighter)           Turns: 7941, Time: 00:12:46

Health: -8/81      AC:  1 (0%)Str: 17   XL:     11   Next: 15%
Magic:  0/9        EV: 19    Int: 10    God:    Dithmenos [4*[114]]
Gold:   521        SH: 16    Dex: 14    Spells: 10/10 levels left

rFire    + . .     SeeInvis .   h - +2 double sword (vamp)
rCold    . . .     Faith    .   b - +5 shield
rNeg     + . .     Spirit   +   (helmet restricted)
rPois    .         Reflect  .   k - amulet of guardian spirit
rElec    .                      z - ring of positive energy
rCorr    .                      y - ring of fire
MR       .....                  B - +3 ring of evasion
Stlth    ++++++++++             u - ring of wizardry
Regen    0.3/turn               (no ring)
MPRegen  0.2/turn               (no ring)
                                (no ring)
                                (no ring)

@: exhausted, slowed, wreathed by umbra, very slow
A: almost no armour, stealthy swim, amphibious, 8 rings, constrict 8, antennae
1, beak, camouflage, low mp 1, wild magic 1, gelatinous body 1
a: Shadow Step, Renounce Religion


You were on level 10 of the Dungeon.
You worshipped Dithmenos.
Dithmenos was greatly pleased with you.
You were not hungry.

You visited 1 branch of the dungeon, and saw 10 of its levels.

You collected 521 gold pieces.

Inventory:

Hand Weapons
 h - a +2 vampiric double sword (weapon)
 C - the +6 arbalest of Egeycele {freeze, rN+}
   (You found it on level 9 of the Dungeon)

   It causes projectiles fired from it to freeze those they strike, causing
   extra injury to most foes and up to half again as much damage against
   particularly susceptible opponents.
   They can also slow down cold-blooded creatures.
   It protects you from negative energy.
Missiles
 d - 289 javelins (quivered)
 e - 276 poisoned darts
 f - 2125 stones
 o - 820 arrows
 q - 108 bolts
Armour
 b - a +5 shield (worn)
Jewellery
 k - an amulet of guardian spirit (around mantle)
 u - a ring of wizardry (on tentacle)
 y - a ring of fire (right tentacle)
 z - a ring of positive energy (left tentacle)
 B - a +3 ring of evasion (on tentacle)
Wands
 a - a wand of paralysis (8)
 m - a wand of lightning (3)
 v - a wand of confusion (12)
 w - a wand of acid (7)
 A - a wand of digging (7)
Scrolls
 i - 2 scrolls of amnesia
 l - 3 scrolls of teleportation
 n - a scroll of magic mapping
 p - a scroll of fog
 D - 3 scrolls of blinking
Potions
 c - 3 potions of augmentation
 g - 5 potions of curing
 j - 2 potions of magic
 r - a potion of heal wounds
 s - 3 potions of invisibility
 t - 2 potions of cancellation
 F - a potion of flight
 G - a potion of ambrosia


   Skills:
 + Level 10.3 Fighting
 * Level 6.6 Blades
 - Level 3.1 Axes
 + Level 7.3 Dodging
 + Level 9.1 Stealth
 + Level 7.8 Shields


You had 10 spell levels left.
You didn't know any spells.

Dungeon Overview and Level Annotations

Branches:
Dungeon (10/15)

Altars:
Cheibriados
Dithmenos
Elyvilon
Gozag
Hepliaklqana
Jiyva
Kikubaaqudgha
Makhleb
Nemelex Xobeh
Okawaru
Qazlal
Ru
Sif Muna
Trog
Uskayaw
Vehumet
Wu Jian
Xom
Yredelemnul
Zin
The Shining One


Innate Abilities, Weirdness & Mutations

You cannot wear most types of armour.
You are very stealthy in the water.
You are amphibious.
You can wear up to eight rings at the same time.
You can use your tentacles to constrict eight enemies at once.
Your skin blends seamlessly with your surroundings (Stealth+++).
Your rubbery body absorbs attacks. (AC +1, EV +1)
You have a pair of small antennae on your head.
You have a beak for a mouth.
Your magical capacity is low. (-10% MP)
Your spells are a little harder to cast, but a little more powerful.


Message History

You constrict the orc priest (5).
The orc priest mumbles some strange prayers to Beogh against you.
Pain shoots through your body (5)!
* * * LOW HITPOINT WARNING * * *
You block the orc's attack. x2; The orc priest closely misses you.
You block the orc's attack.
The orc hits you with a +0 hand axe (4).
* * * LOW HITPOINT WARNING * * *
You completely miss the orc priest.
The orc priest is moderately wounded.
You constrict the orc priest (8)!
The orc priest invokes the aid of Beogh against you.
Pain shoots through your body (5)!
* * * LOW HITPOINT WARNING * * *
The orc closely misses you.
The orc hits you with a +0 hand axe (3).
* * * LOW HITPOINT WARNING * * *
The orc priest invokes the aid of Beogh against you.
Beogh smites you (15)!
You die...

#.......#......#
#.......#......#
#.......#......#
#.......#......#
#.......#......#
#.......#......#
#.......#......#
#.....)o#......#
#....>.o@......#
#......o#......#
........#......#
........#......#
........#......#
........#......#
......[.#......#
.......#......#
#......#


You could see an orc priest and 2 orcs.

Vanquished Creatures
  An orc high priest (D:10)
  A troll (D:9)
  Prince Ribbit (D:5)
  A black mamba skeleton (D:8)
  2 wyverns
  9 yaks (D:9)
  An angry ghost (D:7)
  2 wargs (D:10)
  A spiny frog zombie (D:9)
  2 water moccasins
  Duvessa (D:5)
  An ice beast (D:5)
  2 spiny frog skeletons
  5 orc warriors
  2 phantoms
  8 ogres
  2 centaurs
  2 wyvern zombies
  2 bullfrogs
  Dowan (D:5)
  3 scorpions
  11 killer bees
  2 water moccasin skeletons
  2 crimson imps (D:8)
  4 wights (D:5)
  2 howler monkeys (D:3)
  A wasp zombie (D:8)
  A bullfrog zombie (D:7)
  2 quasits
  5 hounds
  An orc priest (D:5)
  3 centaur skeletons
  4 orc wizards
  6 worker ants
  An iguana (D:8)
  4 gnolls (D:4)
  5 adders
  A shadow imp (D:5)
  2 oozes (D:6)
  2 dart slugs
  32 orcs
  7 quokkas
  19 bats
  5 giant cockroaches
  2 gnoll zombies (D:6)
  5 goblins
  7 hobgoblins
  10 jackals
  4 frilled lizards (D:1)
  A jackal zombie (D:5)
  8 kobolds
  5 rats
214 creatures vanquished.

Notes
Turn   | Place    | Note
-------+----------+-------------------------------------------
     0 | D:1      | wolfsongas the Octopode Fighter began the quest for the Orb.
     0 | D:1      | Reached XP level 1. HP: 16/16 MP: 1/1
    88 | D:1      | Reached XP level 2. HP: 21/21 MP: 2/2
   666 | D:2      | Found a deep blue altar of Sif Muna.
   689 | D:2      | Found a glowing golden altar of the Shining One.
   724 | D:2      | Reached XP level 3. HP: 19/26 MP: 1/3
   859 | D:2      | Found a sacrificial altar of Ru.
  1262 | D:2      | Found a bloodstained altar of Trog.
  1316 | D:2      | Found a shadowy altar of Dithmenos.
  1343 | D:2      | Became a worshipper of Dithmenos the Shadowed
  1503 | D:3      | Reached skill level 1 in Stealth
  1503 | D:3      | Reached XP level 4. HP: 32/32 MP: 4/4
  1658 | D:3      | Found an opulent altar of Gozag.
  1799 | D:3      | Reached * piety under Dithmenos
  1801 | D:3      | Reached XP level 5. HP: 34/37 MP: 3/5
  1813 | D:3      | Found a viscous altar of Jiyva.
  1823 | D:3      | Reached skill level 4 in Fighting
  1972 | D:3      | Reached XP level 6. HP: 42/43 MP: 4/6
  2271 | D:3      | Found a white marble altar of Elyvilon.
  2836 | D:4      | Reached XP level 7. HP: 48/49 MP: 7/7
  2854 | D:4      | Reached skill level 5 in Fighting
  2856 | D:4      | Reached ** piety under Dithmenos
  3174 | D:4      | Found a burning altar of Makhleb.
  3256 | D:4      | Reached skill level 1 in Blades
  3425 | D:5      | Entered Level 5 of the Dungeon
  3548 | D:5      | Reached XP level 8. HP: 20/57 MP: 1/8
  3827 | D:5      | Reached skill level 6 in Fighting
  3827 | D:5      | Reached skill level 5 in Shields
  3832 | D:5      | Noticed Prince Ribbit
  3836 | D:5      | Killed Prince Ribbit
  4026 | D:5      | Reached skill level 5 in Dodging
  4044 | D:5      | Noticed Duvessa
  4044 | D:5      | Noticed Dowan
  4051 | D:5      | Killed Dowan
  4056 | D:5      | Killed Duvessa
  4294 | D:5      | Reached skill level 5 in Stealth
  4312 | D:5      | Reached skill level 7 in Fighting
  4421 | D:5      | Found a glowing silver altar of Zin.
  4421 | D:5      | Found an ornate altar of the Wu Jian Council.
  4522 | D:6      | Reached XP level 9. HP: 64/64 MP: 6/9
  4629 | D:6      | Reached *** piety under Dithmenos
  4809 | D:6      | Found a radiant altar of Vehumet.
  4814 | D:6      | Found a snail-covered altar of Cheibriados.
  4903 | D:6      | Found a shimmering altar of Xom.
  5011 | D:6      | Found a basalt altar of Yredelemnul.
  5167 | D:6      | Found an ancient bone altar of Kikubaaqudgha.
  5242 | D:7      | Found a stormy altar of Qazlal.
  5340 | D:7      | Found a hazy altar of Hepliaklqana.
  5350 | D:7      | Reached skill level 8 in Fighting
  5422 | D:7      | Found an iron altar of Okawaru.
  5663 | D:7      | Found a hide-covered altar of Uskayaw.
  5758 | D:7      | Found a sparkling altar of Nemelex Xobeh.
  6169 | D:8      | Reached XP level 10. HP: 73/73 MP: 10/10
  6190 | D:8      | Reached skill level 9 in Fighting
  6209 | D:8      | Reached **** piety under Dithmenos
  6401 | D:8      | Reached skill level 5 in Blades
  6932 | D:9      | Gained mutation: Your spells are a little harder to cast, but a little more powerful. [potion of mutation]
  6932 | D:9      | Gained mutation: You have a pair of small antennae on your head. [potion of mutation]
  6932 | D:9      | Gained mutation: Your magical capacity is low. (-10% MP) [potion of mutation]
  6932 | D:9      | Gained mutation: You have a beak for a mouth. [potion of mutation]
  7212 | D:9      | Got the +6 arbalest of Egeycele {freeze, rN+}
  7261 | D:9      | Reached skill level 10 in Fighting
  7790 | D:9      | Reached XP level 11. HP: 81/81 MP: 9/9
  7871 | D:10     | Entered Level 10 of the Dungeon
  7905 | D:10     | Noticed an orc high priest
  7936 | D:10     | Killed an orc high priest
  7941 | D:10     | Killed from afar by an orc priest

Skill      XL: |  1  2  3  4  5  6  7  8  9 10 11 |
---------------+----------------------------------+-----
Stealth        | 1 2 3 4 5 7 8 9 |  9.1
Fighting       | 4 5 7 8 10 | 10.3
Axes           | 3 |  3.1
Dodging        | 4 5 6 7 |  7.3
Shields        | 4 5 6 7 |  7.8
Blades         | 2 3 4 6 |  6.6

Action                   |  1- 3 |  4- 6 |  7- 9 | 10-12 || total
-------------------------+-------+-------+-------+-------++-------
Melee: War axe           |    48 |    51 |       |       ||    99
       Constrict         |    15 |    30 |    29 |    22 ||    96
       Tentacles         |     7 |    23 |    32 |    38 ||   100
       Dagger            |       |    29 |    53 |       ||    82
       Double sword      |       |       |   121 |   162 ||   283
       Peck              |       |       |       |    18 ||    18
Throw: Javelin           |    24 |       |       |       ||    24
  Use: Potion            |     1 |       |     1 |     4 ||     6
       Scroll            |       |     1 |     6 |     1 ||     8
 Stab: Sleeping          |     7 |    11 |    32 |    18 ||    68
       Invisible         |     2 |       |       |     7 ||     9
       Distracted        |       |     1 |       |       ||     1
Armor: Skin              |     4 |     1 |     2 |     1 ||     8
Dodge: Dodged            |    23 |    32 |   109 |   190 ||   354
Block: Shield            |    24 |    34 |   117 |   178 ||   353
